 Dungeon Crawl Stone Soup version 0.18-a0-965-g9200175 (webtiles) character file.

3159 George the Carver (level 9, -2/69 HPs)
             Began as a Centaur Fighter on Jan 1, 2016.
             Was an Elder of Okawaru.
             Slain by an iguana (10 damage)
             ... on level 8 of the Dungeon.
             The game lasted 00:18:24 (7711 turns).

George the Carver (Centaur Fighter)                 Turns: 7711, Time: 00:18:24

Health: -2/69      AC: 12    Str: 22    XL:     9   Next: 62%
Magic:  15/15      EV:  5    Int:  7    God:    Okawaru [****..]
Gold:   218        SH:  9    Dex: 13    Spells: 0 memorised, 8 levels left

rFire  . . .     SeeInvis .     p - +3 falchion (holy)
rCold  + . .     Gourm    .     z - +0 chain mail
rNeg   . . .     Faith    .     c - +0 shield
rPois  .         Spirit   .     h - +0 helmet
rElec  .         Dismiss  .     m - +0 cloak
rCorr  .         Reflect  .     F - +1 pair of gloves "Kihoyss" {Dex+4}
SustAt .         Harm     .     (no barding)
MR     .....                    L - amulet of regeneration
Stlth  ..........               B - +2 ring of evasion
                                y - ring of protection from cold

@: lethally poisoned (-2 -> -5), very quick, not resistant to hostile
enchantments, extremely unstealthy
A: hooves 3, deformed body, speed 2, tough skin 3
a: Heroism, Renounce Religion


You were on level 8 of the Dungeon.
You worshipped Okawaru.
Okawaru was greatly pleased with you.
You were hungry.

You visited 2 branches of the dungeon, and saw 9 of its levels.
You also visited: Ossuary.

You collected 465 gold pieces.
You spent 247 gold pieces at shops.

Inventory:

Hand Weapons
 p - a +3 falchion of holy wrath (weapon)
Missiles
 K - 2 throwing nets (quivered)
Armour
 c - a +0 shield (worn)
 h - a +0 helmet (worn)
 m - a +0 cloak (worn)
 z - a +0 chain mail (worn)
 F - the +1 pair of gloves "Kihoyss" (worn) {Dex+4}
   (You bought it in a shop on level 6 of the Dungeon)

   It affects your dexterity (+4).
Jewellery
 t - an uncursed amulet of resist corrosion
 y - a ring of protection from cold (left hand)
 B - a +2 ring of evasion (right hand)
 L - an amulet of regeneration (around neck)
Wands
 H - a wand of flame (15/48)
Scrolls
 n - a scroll of teleportation
 o - 2 scrolls of immolation
 s - 2 scrolls of magic mapping
 v - 8 scrolls of remove curse {unknown}
 C - 7 scrolls of blinking {unknown}
 I - 2 scrolls of enchant weapon {unknown}
 J - a scroll of fog {unknown}
 N - a scroll of noise {unknown}
 P - a scroll of silence {unknown}
Potions
 d - 2 potions of might
 e - 2 potions of resistance
 g - a potion of heal wounds
 k - a potion of brilliance
 r - a potion of magic
 w - a potion of flight
 O - a potion of ambrosia
 Q - a potion of curing
 S - a potion of degeneration {unknown}
 T - a potion of invisibility {unknown}
 U - a potion of haste {unknown}
Comestibles
 f - 4 bread rations
 l - 2 beef jerkies
 u - 2 meat rations
 M - 2 slices of pizza


   Skills:
 - Level 3.0 Fighting
 + Level 10.5 Long Blades
 - Level 2.1 Armour
 - Level 2.1 Shields
 - Level 8.0 Invocations


You had 8 spell levels left.
You didn't know any spells.

Dungeon Overview and Level Annotations

Branches:
Dungeon (8/15)             Temple (1/1) D:6
   Lair: D:8-11

Altars:
Ashenzari
Cheibriados
Dithmenos
Elyvilon
Gozag
Kikubaaqudgha
Makhleb
Nemelex Xobeh
Okawaru
Pakellas
Ru
Sif Muna
Trog
Xom
Yredelemnul
Zin
The Shining One

Shops:
D:6 ?(?:[

Annotations:
D:6 Prince Ribbit


Innate Abilities, Weirdness & Mutations

You have hooves in place of feet.
Armour fits poorly on your strangely shaped body.
You cover ground very quickly.
You have extremely tough skin (AC +3).


Message History

The iguana barely misses you.
You hit the killer bee.
You kick the killer bee, but do no damage.
The killer bee is almost dead.
You feel sick.
The killer bee stings you but does no damage. x2
You block the killer bee's attack. The killer bee barely misses you.
The iguana bites you but does no damage.
You hit the killer bee.
You kill the killer bee!
Okawaru accepts your kill. You block the killer bee's attack.
A spear hits the giant gecko!
The giant gecko dies!
The killer bee stings you but does no damage.
The iguana barely misses you.
You miss the killer bee. The killer bee stings you.
* * * LOW HITPOINT WARNING * * *
You are more poisoned.
The killer bee poisons you! The iguana bites you!
You die...

*,* ***.#.>.......".# #.# *,*
*,,.....#....)#.# ##.# *,*
*,*,#...##...##<###..# *,*
*,*.#............##..#
*,***,,.l...............[#
*,,,,,,..#####'#####....##*****
***,****,,,,*#...^.##...#.....,,,
,,,,* ***,,,##l^y##..#...####***
**********,,,,##@##...##..#
*,,,,,,,,,###..#.*#..#
*,***,,,,,,#..##.*#!.#
*,***,***,,...,..**..# *,**,**
**,,,,,,,,,,,* *,**,*
*,,,,,,,,,,** *,**,**
**,,,******** ******,***,***,****
,,,,,,,* **,,,**


You could see an iguana and a killer bee.

Vanquished Creatures
  The ghost of HunterMK1337 the Slasher, a novice FoFi (Ossuary)
  The ghost of M4edhros the Sneak, an amateur OpAr of Fedhas (D:5)
  Menkaure (D:4)
  Duvessa (D:6)
  An ice beast (D:5)
  A sky beast (D:5)
  A phantom (D:4)
  A black bear (D:7)
  4 ogres
  A necrophage (D:8)
  A centaur (D:7)
  A giant frog (D:7)
  Dowan (D:6)
  4 killer bees (D:8)
  5 wights (D:6)
  A crimson imp (D:4)
  A giant frog zombie (D:7)
  4 orc priests
  3 hounds
  2 jellies
  Crazy Yiuf (D:2)
  A centaur skeleton (D:5)
  A giant frog skeleton (D:6)
  Terence (D:2)
  2 gnoll shamans
  2 orc wizards
  A hound zombie (D:6)
  A hound skeleton (D:5)
  5 mummies
  A worker ant zombie (D:6)
  17 gnolls
  14 adders
  An adder zombie (D:5)
  An adder skeleton (D:6)
  6 worms
  7 giant geckos
  22 orcs
  10 bats
  7 giant cockroaches
  4 gnoll zombies (Ossuary)
  7 goblins
  6 hobgoblins
  17 jackals
  5 quokkas
  A ball python (D:1)
  7 giant newts
  3 gnoll skeletons (Ossuary)
  2 goblin skeletons (Ossuary)
  A goblin zombie (Ossuary)
  A hobgoblin skeleton (Ossuary)
  A hobgoblin zombie (Ossuary)
  13 kobolds
  2 kobold skeletons (Ossuary)
  2 kobold zombies (Ossuary)
  An orc skeleton (Ossuary)
  3 orc zombies (Ossuary)
  A quokka skeleton (D:4)
  3 rats
  4 rat skeletons (Ossuary)
  4 rat zombies (Ossuary)
225 creatures vanquished.

Vanquished Creatures (others)
  A giant gecko (D:8)
  A gnoll zombie (Ossuary)
  2 gnoll skeletons (Ossuary)
  3 goblin skeletons (Ossuary)
  A goblin zombie (Ossuary)
  2 hobgoblin skeletons (Ossuary)
  2 hobgoblin zombies (Ossuary)
  2 kobold skeletons (Ossuary)
  2 kobold zombies (Ossuary)
  2 orc zombies (Ossuary)
  3 rat skeletons (Ossuary)
  2 rat zombies (Ossuary)
23 creatures vanquished.

Grand Total: 248 creatures vanquished

Notes
Turn   | Place    | Note
--------------------------------------------------------------
     0 | D:1      | George the Centaur Fighter began the quest for the Orb.
     0 | D:1      | Reached XP level 1. HP: 19/19 MP: 1/1
   127 | D:1      | Reached XP level 2. HP: 26/26 MP: 2/2
   327 | D:1      | Found an iron altar of Okawaru.
   334 | D:1      | Became a worshipper of Warmaster Okawaru
   641 | D:2      | Reached XP level 3. HP: 26/31 MP: 3/3
   772 | D:2      | Reached skill level 1 in Invocations
   808 | D:2      | Noticed Terence
   836 | D:2      | Killed Terence
   913 | D:2      | Reached XP level 4. HP: 20/38 MP: 5/5
  1234 | D:2      | Noticed Crazy Yiuf
  1245 | D:2      | Killed Crazy Yiuf
  1457 | D:3      | Reached XP level 5. HP: 40/45 MP: 7/7
  1610 | D:2      | Reached skill level 4 in Long Blades
  2129 | D:3      | Found a white marble altar of Elyvilon.
  2448 | D:3      | Reached XP level 6. HP: 47/51 MP: 9/9
  2651 | D:4      | Reached * piety under Okawaru
  3011 | D:4      | Found a burning altar of Makhleb.
  3017 | D:4      | Reached skill level 5 in Long Blades
  3654 | D:4      | Noticed Menkaure
  3662 | D:4      | Killed Menkaure
  3662 | D:4      | Reached skill level 5 in Invocations
  3662 | D:4      | Reached XP level 7. HP: 53/57 MP: 9/11
  3780 | D:5      | Entered Level 5 of the Dungeon
  3850 | D:5      | Noticed M4edhros's ghost (amateur OpAr)
  3899 | D:5      | Killed M4edhros's ghost
  3899 | D:5      | Reached ** piety under Okawaru
  3899 | D:5      | Reached skill level 6 in Invocations
  4040 | D:5      | Found a snail-covered altar of Cheibriados.
  4494 | D:5      | You fall through a shaft for 2 floors!
  4528 | D:6      | Reached XP level 8. HP: 63/63 MP: 13/13
  4552 | D:6      | Found a staircase to the Ecumenical Temple.
  4563 | D:6      | Reached skill level 7 in Invocations
  4589 | Temple   | Entered the Ecumenical Temple
  5277 | D:6      | Reached skill level 8 in Invocations
  5366 | D:6      | Found Maad's Antique Armour Shoppe.
  5371 | D:6      | Found Leoniod's Book Shoppe.
  5374 | D:6      | Bought a pair of translucent gloves for 247 gold pieces
  5384 | D:6      | Identified the +1 pair of gloves "Kihoyss" {Dex+4} (You bought it in a shop on level 6 of the Dungeon)
  5536 | D:6      | Found an opulent altar of Gozag.
  5719 | D:6      | Reached *** piety under Okawaru
  5903 | D:6      | Found Pukid's Magic Scroll Boutique.
  5905 | D:6      | Found an ancient bone altar of Kikubaaqudgha.
  5907 | D:6      | Noticed Duvessa
  5907 | D:6      | Noticed Dowan
  5914 | D:6      | Found Kuthepp's Magic Scroll Boutique.
  5927 | D:6      | Killed Duvessa
  5941 | D:6      | Killed Dowan
  6067 | D:6      | Found Boimiar's Antique Weapon Boutique.
  6175 | D:7      | Found a glowing silver altar of Zin.
  6274 | D:7      | Reached XP level 9. HP: 48/69 MP: 15/15
  6306 | D:7      | Noticed Prince Ribbit
  6771 | D:7      | Reached skill level 9 in Long Blades
  6807 | D:7      | Found a glowing golden altar of the Shining One.
  6941 | D:7      | Reached **** piety under Okawaru
  7289 | D:8      | Found a sand-covered staircase.
  7299 | Ossuary  | Entered an ossuary
  7621 | Ossuary  | Noticed HunterMK1337's ghost (novice FoFi)
  7641 | Ossuary  | Killed HunterMK1337's ghost
  7641 | Ossuary  | Reached skill level 10 in Long Blades
  7711 | D:8      | Slain by an iguana

Vault maps used:
D:1:      dpeg_arrival_rhombi, hangedman_decor_peaks_small,
          okawaru_ov_weapons_minmay
D:2:      uniq_terence, uniq_crazy_yiuf_cottage
D:3:      lemuel_crystal_altar, first_bread
D:4:      makhleb_grotto_becter, uniq_menkaure
D:5:      cheibriados_altar_1
D:6:      overflow_temple_1_default, minmay_temple_entry_grid, serial_shops,
          kennysheep_little_box, shop, nicolae_shop_competitors_out_of_business,
          shop, shop, grunt_gozag_statues, uniq_duvessa
D:7:      tso_oasis_becter, basic_altar, uniq_prince_ribbit1
D:8:      gup_ossuary_entry_pyramid, grunt_pizzeria
Temple:   circular_temple_12
Ossuary:  ossuary_due_pyramid

Action                   |  1- 3 |  4- 6 |  7- 9 || total
-------------------------+-------+-------+-------++-------
Melee: Long sword        |   111 |    77 |       ||   188
       Falchion          |       |   131 |   483 ||   614
  Use: Scroll            |       |       |    11 ||    11
       Potion            |       |       |     1 ||     1
  Eat: Chunk             |       |     7 |    11 ||    18
